 Dungeon Crawl Stone Soup version 0.18.1-50-g88ac8fd (webtiles) character file.

89946 KarmaPolice the Eclecticist (level 15, -3/84 HPs)
             Began as a Deep Elf Enchanter on Sept 23, 2016.
             Was a High Priest of Vehumet.
             Slain by a storm dragon (22 damage)
             ... on level 14 of the Dungeon on Sept 24, 2016.
             The game lasted 03:10:52 (33886 turns).

KarmaPolice the Eclecticist (Deep Elf Enchanter)   Turns: 33886, Time: 03:10:53

Health: -3/84      AC:  7    Str:  8    XL:     15   Next: 50%
Magic:  16/37      EV: 13    Int: 26    God:    Vehumet [*****.]
Gold:   884        SH:  0    Dex: 20    Spells: 10 memorised, 9 levels left

rFire  . . .     SeeInvis +     y - +4 dagger (drain)
rCold  . . .     Gourm    +     O - +3 robe "Ketoidoi" {rPois Regen+ rCorr Int+3}
rNeg   . . .     Faith    .     (no shield)
rPois  +         Spirit   .     v - +0 mask of the Dragon {MR+ Slay+3 SInv}
rElec  .         Dismiss  .     t - +0 cloak
rCorr  +         Reflect  .     (no gloves)
SustAt .         Harm     .     L - +0 pair of boots
MR     ++...                    E - amulet of the gourmand
Stlth  +++++.....               p - ring of wizardry
                                Z - ring of Sezuh {+Fly rPois Dex+4 Slay+3}

@: very resistant to hostile enchantments, quite stealthy
A: no striking features
a: Renounce Religion, Evoke Flight


You were on level 14 of the Dungeon.
You worshipped Vehumet.
Vehumet was extremely pleased with you.
You were very full.

You visited 5 branches of the dungeon, and saw 27 of its levels.
You also visited: Sewer and Ossuary.

You collected 2535 gold pieces.
You spent 1651 gold pieces at shops.

Inventory:

Hand Weapons
 y - a +4 dagger of draining (weapon)
Armour
 t - a +0 cloak (worn)
 v - the +0 mask of the Dragon (worn) {MR+ Slay+3 SInv}
   (You bought it in a shop on level 9 of the Dungeon)

   It affects your accuracy and damage with ranged weapons and melee attacks
   (+3).
   It affects your resistance to hostile enchantments.
   It lets you see invisible.
 L - a +0 pair of boots (worn)
 O - the +3 robe "Ketoidoi" (worn) {rPois Regen+ rCorr Int+3}
   (You found it on level 7 of the Dungeon)

   It affects your intelligence (+3).
   It protects you from poison.
   It increases your rate of regeneration.
   It protects you from acid and corrosion.
 U - the +3 robe "Piuqis" {+Blink Regen+}
   (You bought it in a shop on level 9 of the Dungeon)

   It lets you blink.
   It increases your rate of regeneration.
Jewellery
 k - an uncursed ring of stealth
 p - a ring of wizardry (right hand)
 E - an amulet of the gourmand (around neck)
 X - an uncursed ring of resist corrosion
 Z - the ring of Sezuh (left hand) {+Fly rPois Dex+4 Slay+3}
   (You found it on level 8 of the Lair of Beasts)

   [ring of flight]

   It affects your dexterity (+4).
   It affects your accuracy and damage with ranged weapons and melee attacks
   (+3).
   It protects you from poison.
   It lets you fly.
Scrolls
 a - 2 scrolls of identify
 b - a scroll of holy word
 g - 3 scrolls of magic mapping
 i - 8 scrolls of fog
 o - 2 scrolls of amnesia
 s - 2 scrolls of blinking
 u - 14 scrolls of remove curse
 w - 3 scrolls of teleportation
 B - 5 scrolls of vulnerability {unknown}
 I - a scroll of silence {unknown}
 N - 5 scrolls of enchant armour {unknown}
 R - 2 scrolls of recharging
Potions
 e - 3 potions of cancellation
 h - 6 potions of brilliance
 j - 2 potions of magic {unknown}
 n - 4 potions of lignification {unknown}
 r - 4 potions of heal wounds {unknown}
 x - 2 potions of flight
 z - 4 potions of haste {unknown}
 A - a potion of curing
 C - 5 potions of agility {unknown}
 D - 2 potions of berserk rage {unknown}
 F - a potion of beneficial mutation {unknown}
 H - a potion of cure mutation {unknown}
 J - a potion of invisibility {unknown}
 K - 3 potions of might
 P - 2 potions of resistance {unknown}
 Y - 3 potions of degeneration {unknown}
Books
 c - a book of Maledictions

   Spells                             Type                      Level
   a - Corona                         Hexes                        1
   b - Ensorcelled Hibernation        Hexes/Ice                    2
   c - Confuse                        Hexes                        3
   d - Tukima's Dance                 Hexes                        3
   e - Dazzling Spray                 Conjuration/Hexes            3
 G - a book of Unlife

   Spells                             Type                      Level
   a - Recall                         Summoning/Translocation      3
   b - Animate Dead                   Necromancy                   4
   c - Control Undead                 Necromancy                   4
   d - Cigotuvi's Embrace             Necromancy                   5
   e - Death Channel                  Necromancy                   6
   f - Simulacrum                     Ice/Necromancy               6
Comestibles
 d - 15 bread rations
 f - 26 fruits
 m - a royal jelly
 M - 14 meat rations
 S - 9 beef jerkies
 T - 9 slices of pizza


   Skills:
 - Level 6.5 Fighting
 - Level 6.5 Short Blades
 - Level 2.4 Dodging
 - Level 10.2 Stealth
 + Level 16.5 Spellcasting
 + Level 13.8 Conjurations
 - Level 12.8 Hexes
 + Level 9.9 Necromancy
 + Level 10.5 Fire Magic
 - Level 8.0 Ice Magic


You had 9 spell levels left.
You knew the following spells:

 Your Spells              Type           Power        Failure   Level  Hunger
a - Corona                Hex            ######.      0%          1    None
b - Ensorcelled Hibernat  Hex/Ice        ######       1%          2    None
c - Confuse               Hex            ######..     1%          3    None
d - Tukima's Dance        Hex            ######..     1%          3    None
e - Dazzling Spray        Conj/Hex       ######       1%          3    None
f - Invisibility          Hex            ######..     1%          6    ###....
g - Iskenderun's Mystic   Conj           #######.     1%          4    None
h - Bolt of Fire          Conj/Fire      ######....   1%          6    ###....
i - Bolt of Draining      Conj/Necr      ######....   1%          5    None
j - Fireball              Conj/Fire      ######....   1%          5    None


Dungeon Overview and Level Annotations

Branches:
Dungeon (15/15)            Temple (1/1) D:4            Lair (8/8) D:10
  Swamp (0/4) Lair:5       Spider (1/4) Lair:3        Slime (0/6) Lair:7
    Orc (2/2) D:12            Elf (0/3) Orc:2        Vaults (0/5) D:13
 Depths (0/5) D:15

Altars:
Ashenzari
Cheibriados
Dithmenos
Elyvilon
Fedhas
Gozag
Kikubaaqudgha
Makhleb
Nemelex Xobeh
Okawaru
Pakellas
Qazlal
Ru
Sif Muna
Trog
Vehumet
Xom
Yredelemnul
Zin
The Shining One
Beogh
Jiyva

Shops:
D:7 *   D:8 (   D:9 [   D:12 :   Orc:2 ([[*

Annotations:
D:3 Sigmund
D:6 nikopol's ghost, novice MiBe


Message History

Okay, then.
Unknown command.
Casting: Fireball
Confirm with . or Enter, or press ? or * to list all spells.
Aiming: Confuse
Press: ? - help, Shift-Dir - straight line, f - storm dragon
Aim: a storm dragon (catching its breath, chance to defeat MR: 17%)
Okay, then.
Read which item? (? for menu, Esc to quit)
Okay, then.
Unknown command.
Press: ? - help, v - describe, . - travel
Here: a storm dragon (catching its breath)
The floor.
Read which item? (? for menu, Esc to quit)
As you read the scroll of fear, it crumbles to dust.
You assume a fearsome visage.
The storm dragon resists with almost no effort.
The storm dragon bites you!!
You die...

######.#.#####....#
#...#.#
.#.....#.....#.####
#.###.#
.#.#########.#.####
#.###.#
.#...........#....#
#.....#
##############....#
#.##### #..# #.......#
#.# #.## #.......#
#.### #.# #......D#
#...# #.# #.....@.#
###.# #.# #.......#
#.# #.## ###########
#.# #..# ####...)..<#
#.# ##.# #.....).##.#
#.# #.# #.##.##.##.#
#.# #.# #.#...[.##.#
#.#
#.####.#...#)##)####.#
#..........#†..)÷....#


You could see a storm dragon.

Vanquished Creatures
  Maud (Lair:3)
  2 orc warlords (Orc:2)
  6 dire elephants (Lair:8)
  The ghost of nikopol the Cleaver, a journeyman MiBe of Trog (D:12)
  A yaktaur captain (D:13)
  2 centaur warriors
  4 hydras
  An anaconda (Lair:8)
  4 death yaks
  An orc high priest (Orc:2)
  A skeletal warrior (D:15)
  2 unseen horrors
  A lindwurm (shapeshifter) (D:12)
  2 orc sorcerers (Orc:2)
  An orb spider (Spider:1)
  9 deep elf magi
  13 ugly things
  The ghost of simples the Covert, a novice SpEn of Gozag (D:8)
  3 griffons
  A manticore (D:13)
  A black mamba (shapeshifter) (D:13)
  2 centaur zombies (D:13)
  Maurice (D:11)
  21 elephants
  8 black mambas
  12 spiny frogs
  2 torpor snails
  Psyche (D:10)
  2 gargoyles (D:14)
  A kobold demonologist (D:12)
  3 rime drakes
  3 yaktaurs
  An efreet (D:14)
  11 komodo dragons
  A polar bear (Lair:8)
  2 tengu conjurers (D:13)
  4 trolls
  A polar bear (shapeshifter) (D:13)
  22 blink frogs
  Grinder (D:3)
  3 dancing weapons
  3 tarantellas
  5 wyverns
  40 yaks
  8 basilisks
  2 hungry ghosts
  A human (D:12)
  10 hippogriffs
  5 wargs (Orc:2)
  2 soldier ants
  15 water moccasins
  16 porcupines
  31 orc warriors
  8 sky beasts
  An ice beast (D:11)
  3 black bears
  10 ogres
  A necrophage (D:6)
  A wasp (D:13)
  6 phantoms
  31 wolves
  14 crocodiles
  10 centaurs
  A big kobold (D:14)
  15 giant frogs
  2 scorpions (D:9)
  11 killer bees
  An electric eel (Orc:1)
  4 wights
  4 howler monkeys
  A bog body (Ossuary)
  2 crimson imps (D:10)
  A quasit (D:11)
  3 giant frog skeletons
  4 hounds
  27 orc wizards
  Crazy Yiuf (D:2)
  A gnoll shaman (D:4)
  15 orc priests
  3 jellies
  13 iguanas
  3 centaur skeletons
  Ijyb (D:3)
  Natasha (thrice) (D:3)
  11 worker ants
  2 killer bee zombies
  20 sheep
  7 worker ant zombies
  6 gnolls
  68 river rats
  12 adders
  3 shadow imps
  An ooze (D:3)
  2 adder zombies
  3 worms
  4 dart slugs
  10 giant geckos
  105 orcs
  6 giant cockroaches
  16 goblins
  6 hobgoblins
  7 jackals
  9 kobolds
  8 quokkas
  A ball python (Sewer)
  6 bats
  A giant gecko skeleton (D:4)
  A giant gecko zombie (Ossuary)
  8 giant newts
  A jackal skeleton (D:5)
  18 rats
  A fungus (Lair:7)
  7 plants
849 creatures vanquished.

Vanquished Creatures (collateral kills)
  Fannar (Lair:3)
  A death knight (D:14)
  An orc high priest (Orc:2)
  Sonja (Lair:2)
  3 hill giants
  An orc knight (Orc:2)
  2 orc sorcerers (Orc:2)
  A deep elf mage (Orc:1)
  3 two-headed ogres
  5 orc warriors
  4 ogres
  6 wights
  An orc priest (D:6)
  An orc wizard (D:6)
  A siren (Sewer)
  A gnoll (D:2)
  2 orcs
35 creatures vanquished.

Vanquished Creatures (others)
  4 dancing weapons
  A worker ant (D:5)
  A shadow imp (D:5)
  25 fungi
  16 plants
  2 withered plants (Ossuary)
49 creatures vanquished.

Grand Total: 933 creatures vanquished

Notes
Turn   | Place    | Note
--------------------------------------------------------------
     0 | D:1      | KarmaPolice the Deep Elf Enchanter began the quest for the Orb.
     0 | D:1      | Reached XP level 1. HP: 10/10 MP: 6/6
   182 | D:1      | Reached XP level 2. HP: 9/15 MP: 6/8
   216 | D:1      | Learned a level 2 spell: Ensorcelled Hibernation
   896 | D:1      | Noticed an ogre
   981 | D:1      | Killed an ogre
   981 | D:1      | Reached skill level 4 in Spellcasting
   981 | D:1      | Reached skill level 1 in Ice Magic
   981 | D:1      | Reached XP level 3. HP: 19/19 MP: 6/10
   981 | D:1      | Reached XP level 4. HP: 24/24 MP: 7/12
  1070 | D:1      | Learned a level 3 spell: Confuse
  1434 | D:2      | Reached XP level 5. HP: 28/28 MP: 13/13
  1442 | D:2      | Learned a level 3 spell: Tukima's Dance
  1781 | D:2      | Reached skill level 5 in Hexes
  2226 | D:2      | Noticed Crazy Yiuf
  2232 | D:2      | Killed Crazy Yiuf
  2469 | D:3      | Noticed Grinder
  2486 | D:3      | Killed Grinder
  2486 | D:3      | Reached skill level 5 in Stealth
  2486 | D:3      | Reached skill level 5 in Spellcasting
  2486 | D:3      | Reached XP level 6. HP: 13/32 MP: 8/15
  2646 | D:3      | Noticed Natasha
  2675 | D:3      | Killed Natasha
  2814 | D:3      | Found a glowing drain.
  2818 | Sewer    | Entered a sewer
  3224 | D:3      | Noticed Ijyb
  3230 | D:3      | Killed Ijyb
  3230 | D:3      | Reached XP level 7. HP: 36/36 MP: 15/17
  3271 | D:3      | Found a shattered altar of Ashenzari.
  3354 | D:3      | Noticed Natasha
  3375 | D:3      | Killed Natasha
  3426 | D:3      | Noticed Natasha
  3439 | D:3      | Killed Natasha
  3542 | D:3      | Found a glowing silver altar of Zin.
  3563 | D:3      | Noticed Sigmund
  3952 | D:4      | Reached skill level 6 in Spellcasting
  4081 | D:4      | Found a staircase to the Ecumenical Temple.
  4090 | Temple   | Entered the Ecumenical Temple
  4181 | Temple   | Became a worshipper of Vehumet
  4520 | D:4      | Reached XP level 8. HP: 41/41 MP: 17/19
  5335 | D:5      | Entered Level 5 of the Dungeon
  5376 | D:5      | Found a sand-covered staircase.
  5380 | Ossuary  | Entered an ossuary
  5645 | D:5      | Learned a level 3 spell: Dazzling Spray
  5674 | D:5      | You fall through a shaft for 3 floors!
  5686 | D:8      | Noticed simples's ghost (novice SpEn)
  6051 | D:6      | Found an opulent altar of Gozag.
  6269 | D:5      | Found a stormy altar of Qazlal.
  6410 | D:5      | Found a burning altar of Makhleb.
  6420 | D:5      | Reached skill level 7 in Spellcasting
  6420 | D:5      | Reached skill level 5 in Ice Magic
  6902 | D:6      | Noticed nikopol's ghost (novice MiBe)
  7225 | D:6      | Reached * piety under Vehumet
  7225 | D:6      | Offered knowledge of Flame Tongue by Vehumet.
  7731 | D:6      | Reached skill level 1 in Conjurations
  7759 | D:6      | Reached XP level 9. HP: 25/45 MP: 12/22
  8093 | D:6      | Found a shattered altar of Ashenzari.
  8239 | D:6      | Reached skill level 8 in Spellcasting
  8521 | D:7      | Found Reheicvergh's General Store.
  8686 | D:7      | Got a transparent robe
  8738 | D:7      | Found a deep blue altar of Sif Muna.
  8918 | D:7      | Offered knowledge of Freeze by Vehumet.
  8984 | D:8      | Killed simples's ghost
  9132 | D:8      | Learned a level 6 spell: Invisibility
  9133 | D:8      | Found Geso's Weapon Shop.
  9218 | D:8      | Reached skill level 9 in Spellcasting
  9238 | D:8      | Reached ** piety under Vehumet
  9778 | D:8      | Found a bloodstained altar of Trog.
  9915 | D:9      | Noticed a cyan ugly thing
  9925 | D:9      | Killed a cyan ugly thing
  9925 | D:9      | Reached skill level 5 in Short Blades
  9925 | D:9      | Reached XP level 10. HP: 29/50 MP: 21/25
 10471 | D:9      | Reached skill level 5 in Conjurations
 10514 | D:9      | Reached skill level 10 in Hexes
 10526 | D:9      | Found Erosy's Antique Armour Emporium.
 10544 | D:9      | Identified the +3 robe "Ketoidoi" {rPois Regen+ rCorr Int+3} (You found it on level 7 of the Dungeon)
 10544 | D:9      | Bought a faintly humming robe for 148 gold pieces
 10554 | D:9      | Identified the +3 robe "Piuqis" {+Blink Regen+} (You bought it in a shop on level 9 of the Dungeon)
 10655 | D:9      | Offered knowledge of Searing Ray by Vehumet.
 10660 | D:9      | Reached skill level 10 in Spellcasting
 11041 | D:10     | Entered Level 10 of the Dungeon
 11072 | D:10     | Found a staircase to the Lair.
 11233 | D:10     | Reached *** piety under Vehumet
 11730 | D:10     | Noticed a centaur warrior
 11740 | D:10     | Killed a centaur warrior
 11816 | D:10     | Noticed Psyche
 11819 | D:10     | Killed Psyche
 11819 | D:10     | Reached skill level 1 in Fighting
 11819 | D:10     | Reached XP level 11. HP: 56/56 MP: 27/27
 12119 | D:10     | Reached skill level 11 in Spellcasting
 12339 | D:11     | Noticed a cyan ugly thing
 12351 | D:11     | Killed a cyan ugly thing
 12351 | D:11     | Offered knowledge of Olgreb's Toxic Radiance by Vehumet.
 12402 | D:11     | Noticed Maurice
 12414 | D:11     | Killed Maurice
 12443 | D:11     | Noticed a hill giant
 12460 | D:11     | Killed a hill giant
 12498 | D:11     | Noticed a hill giant
 12508 | D:11     | Killed a hill giant
 13045 | D:11     | Found a shimmering altar of Xom.
 13262 | D:12     | Noticed nikopol's ghost (journeyman MiBe)
 13336 | D:12     | Noticed a cyan ugly thing
 13340 | D:12     | Killed a cyan ugly thing
 13492 | D:12     | Reached **** piety under Vehumet
 13644 | D:12     | Found a staircase to the Orcish Mines.
 13786 | D:12     | Found Onned's Book Shop.
 13812 | D:12     | Offered knowledge of Iskenderun's Mystic Blast by Vehumet.
 13818 | D:12     | Learned a level 4 spell: Iskenderun's Mystic Blast
 13977 | D:12     | Noticed a hill giant
 14321 | Lair:1   | Entered Level 1 of the Lair of Beasts
 14456 | Lair:1   | Reached skill level 12 in Spellcasting
 15039 | Lair:1   | Noticed a six-headed hydra
 15125 | Lair:1   | Killed a six-headed hydra
 15125 | Lair:1   | Reached XP level 12. HP: 66/66 MP: 21/30
 15708 | Lair:2   | Noticed Sonja
 15722 | Lair:2   | Killed Sonja
 15909 | Lair:2   | Reached skill level 13 in Spellcasting
 16509 | Lair:3   | Found a hole to the Spider Nest.
 16695 | Lair:3   | Reached ***** piety under Vehumet
 16764 | Lair:3   | Offered knowledge of Fulminant Prism by Vehumet.
 16795 | Lair:3   | Noticed Maud
 16853 | Lair:3   | Killed Maud
 16853 | Lair:3   | Reached skill level 5 in Fighting
 16992 | Lair:3   | Noticed a five-headed hydra
 17010 | Lair:3   | Killed a five-headed hydra
 17085 | Lair:3   | Noticed Fannar
 17101 | Lair:3   | Killed Fannar
 17758 | Lair:3   | Reached skill level 10 in Conjurations
 18142 | Lair:4   | Reached skill level 14 in Spellcasting
 18812 | Lair:4   | Reached XP level 13. HP: 60/75 MP: 15/33
 18918 | Lair:4   | Offered knowledge of Bolt of Fire by Vehumet.
 18974 | Lair:4   | Learned a level 6 spell: Bolt of Fire
 19164 | Lair:4   | Reached skill level 1 in Fire Magic
 20421 | Lair:5   | Found a staircase to the Swamp.
 21381 | Lair:6   | Offered knowledge of Bolt of Draining by Vehumet.
 21469 | Lair:6   | Reached skill level 5 in Fire Magic
 21713 | Lair:6   | Learned a level 5 spell: Bolt of Draining
 22014 | Lair:6   | Reached skill level 1 in Necromancy
 22049 | Lair:6   | Reached skill level 15 in Spellcasting
 22715 | Lair:7   | Found a viscous altar of Jiyva.
 22715 | Lair:7   | Found a staircase to the Slime Pits.
 23297 | Lair:8   | Entered Level 8 of the Lair of Beasts
 24225 | Lair:8   | Reached XP level 14. HP: 80/80 MP: 29/35
 24375 | Lair:8   | Reached skill level 5 in Necromancy
 24817 | Lair:8   | Offered knowledge of Fireball by Vehumet.
 25076 | Lair:8   | Reached skill level 16 in Spellcasting
 26640 | Lair:8   | Got a steaming golden ring
 26793 | Lair:8   | Learned a level 5 spell: Fireball
 27311 | Lair:8   | Got a polished quarterstaff
 27382 | Lair:8   | Identified the +4 quarterstaff "Usseoc" {holy, Int+3} (You found it on level 8 of the Lair of Beasts)
 27388 | Lair:8   | Identified the ring of Sezuh {+Fly rPois Dex+4 Slay+3} (You found it on level 8 of the Lair of Beasts)
 27756 | Spider:1 | Entered Level 1 of the Spider Nest
 28019 | D:12     | Killed nikopol's ghost
 28462 | D:9      | Bought the +0 mask of the Dragon {MR+ Slay+3 SInv} for 868 gold pieces
 28650 | Orc:1    | Entered Level 1 of the Orcish Mines
 29218 | Orc:2    | Entered Level 2 of the Orcish Mines
 29408 | Orc:2    | Found a roughly hewn altar of Beogh.
 29456 | Orc:2    | Offered knowledge of Freezing Cloud by Vehumet.
 29469 | Orc:2    | Found a staircase to the Elven Halls.
 29530 | Orc:2    | Found a roughly hewn altar of Beogh.
 29693 | Orc:2    | Found a roughly hewn altar of Beogh.
 29768 | Orc:2    | Found Fiuw's Armour Boutique.
 29884 | Orc:2    | Found a roughly hewn altar of Beogh.
 29906 | Orc:2    | Found Zemanyed's General Store.
 29920 | Orc:2    | Bought a scroll of teleportation for 51 gold pieces
 29920 | Orc:2    | Bought a potion of ambrosia for 136 gold pieces
 29920 | Orc:2    | Bought a scroll of noise for 17 gold pieces
 30262 | Orc:2    | Reached XP level 15. HP: 84/84 MP: 30/37
 30591 | Orc:2    | Noticed an orc warlord
 30605 | Orc:2    | Offered knowledge of Ozocubu's Refrigeration by Vehumet.
 30870 | Orc:2    | Reached skill level 10 in Stealth
 30896 | Orc:2    | Found Goudam's Antique Weapon Shop.
 30897 | Orc:2    | Found a roughly hewn altar of Beogh.
 30905 | Orc:2    | Found Sijatobb's Antique Armour Boutique.
 30910 | Orc:2    | Killed an orc warlord
 30927 | Orc:2    | Bought an ancient helmet for 228 gold pieces
 30933 | Orc:2    | Bought a translucent dagger for 203 gold pieces
 30936 | Orc:2    | Identified the cursed +1 dagger "Qeamoum" {flame, Dex+5} (You bought it in a shop on level 2 of the Orcish Mines)
 30947 | Orc:2    | Identified the cursed +0 helmet of Abre {Str+2 Int-4 Dex+3} (You bought it in a shop on level 2 of the Orcish Mines)
 31132 | Orc:2    | Noticed an orc warlord
 31339 | Orc:2    | Killed an orc warlord
 31555 | Orc:2    | Found a roughly hewn altar of Beogh.
 32123 | D:13     | Found a gate to the Vaults.
 32447 | D:14     | Reached skill level 10 in Fire Magic
 32684 | D:15     | Entered Level 15 of the Dungeon
 32684 | D:15     | Found a huge runed gate.
 32684 | D:15     | Found a huge runed gate.
 32684 | D:15     | Found a huge runed gate.
 32684 | D:15     | Found a huge runed gate.
 32684 | D:15     | Found a huge runed gate.
 32684 | D:15     | Found a huge runed gate.
 32684 | D:15     | Found a huge runed gate.
 33614 | D:15     | Found a staircase to the Depths.
 33863 | D:15     | Found a huge runed gate.
 33863 | D:15     | Found a huge runed gate.
 33863 | D:15     | Found a huge runed gate.
 33863 | D:15     | Found a huge runed gate.
 33877 | D:15     | Noticed a tengu reaver
 33882 | D:15     | Noticed a fire giant
 33882 | D:15     | Noticed a storm dragon
 33886 | D:14     | Slain by a storm dragon

Skill      XL: |  1  2  3  4  5  6  7  8  9 10 11 12 13 14 15 |
---------------+----------------------------------------------+-----
Short Blades   | 2 3 4 5 6 |  6.5
Stealth        | 4 5 6 7 8 9 10 | 10.2
Spellcasting   | 4 5 6 7 9 10 12 14 15 16 | 16.5
Ice Magic      | 1 2 4 5 7 8 |  8.0
Hexes          | 5 6 8 9 10 12 | 12.8
Conjurations   | 1 4 6 8 10 11 13 | 13.8
Fighting       | 1 4 6 |  6.5
Fire Magic     | 6 9 10 | 10.5
Necromancy     | 4 8 9 |  9.9
Dodging        | |  2.4

Action                   |  1- 3 |  4- 6 |  7- 9 | 10-12 | 13-15 || total
-------------------------+-------+-------+-------+-------+-------++-------
Melee: Dagger            |    64 |   144 |   268 |   648 |  1163 ||  2287
 Cast: Corona            |     4 |       |    11 |    14 |    47 ||    76
       Ensorcelled Hiber |     7 |    33 |    49 |   207 |   370 ||   666
       Confuse           |       |    15 |    54 |    80 |   161 ||   310
       Tukima's Dance    |       |     3 |    16 |    17 |    22 ||    58
       Dazzling Spray    |       |       |       |     3 |     1 ||     4
       Invisibility      |       |       |       |     1 |     9 ||    10
       Iskenderun's Myst |       |       |       |     4 |    10 ||    14
       Bolt of Fire      |       |       |       |       |    23 ||    23
       Bolt of Draining  |       |       |       |       |    28 ||    28
       Fireball          |       |       |       |       |    19 ||    19
  Use: Scroll            |       |    10 |     4 |     6 |    16 ||    36
       Potion            |       |     2 |     1 |     1 |     2 ||     6
 Stab: Sleeping          |     8 |    35 |    66 |   150 |   253 ||   512
       Confused          |       |     4 |    13 |    32 |    65 ||   114
       Distracted        |       |       |     1 |     2 |     2 ||     5
       Invisible         |       |       |       |       |     2 ||     2
  Eat: Chunk             |       |     9 |    21 |    47 |    54 ||   131
Armor: Robe              |    14 |    22 |    43 |    95 |   163 ||   337
       Skin              |       |       |     1 |       |       ||     1
Dodge: Dodged            |    44 |    78 |   115 |   227 |   384 ||   848
